 Dungeon Crawl Stone Soup version 0.21.1-1-g345015fe64 (webtiles) character file.

6326 Gargoyl the Schismatic (level 10, -9/84 HPs)
             Began as a Centaur Abyssal Knight on Apr 13, 2018.
             Was an Elder of Lugonu.
             Mangled by a two-headed ogre
             ... wielding a +0 giant spiked club
              (20 damage)
             ... on level 9 of the Dungeon.
             The game lasted 00:17:06 (9604 turns).

Gargoyl the Schismatic (Centaur Abyssal Knight)     Turns: 9604, Time: 00:17:07

Health: -9/84      AC: 15    Str: 16    XL:     10   Next: 64%
Magic:  16/16      EV:  5    Int: 11    God:    Lugonu [****..]
Gold:   427        SH:  4    Dex: 11    Spells: 9/9 levels left

rFire    . . .     SeeInvis .   f - +4 short sword (elec)
rCold    . . .     Gourm    .   h - +0 buckler
rNeg     . . .     Faith    .   z - +0 chain mail
rPois    .         Spirit   .   (no helmet)
rElec    .         Reflect  .   w - +1 cloak
rCorr    .         Harm     .   i - +2 pair of gloves
MR       .....                  (no barding)
Stlth    ..........             C - amulet of rage
HPRegen  0.24/turn              (no ring)
MPRegen  0.15/turn              (no ring)

@: very quick
A: large, hooves 3, deformed body, speed 2, tough skin 3
a: Depart the Abyss, Bend Space, Banish, Corrupt, Renounce Religion, Evoke
Berserk Rage


You were on level 9 of the Dungeon.
You worshipped Lugonu.
Lugonu was greatly pleased with you.
You were hungry.

You visited 1 branch of the dungeon, and saw 9 of its levels.
You visited the Abyss 1 time.

You collected 427 gold pieces.

Inventory:

Hand Weapons
 a - a +1 hand axe
 f - a +4 short sword of electrocution (weapon)
 n - a +3 hand axe of freezing
Missiles
 r - 4 javelins (quivered)
Armour
 h - a +0 buckler (worn)
 i - a +2 pair of gloves (worn)
 w - a +1 cloak (worn)
 z - a +0 chain mail (worn)
Jewellery
 C - an amulet of rage (around neck)
Wands
 l - a wand of acid (18)
 s - a wand of random effects (17)
 u - a wand of polymorph (1)
Scrolls
 d - 9 scrolls of remove curse
 e - 2 scrolls of magic mapping
 g - 2 scrolls of teleportation
 k - 3 scrolls of identify
 v - a scroll of blinking
 B - 3 scrolls of amnesia
Potions
 b - a potion of resistance
 j - 3 potions of heal wounds
 m - 2 potions of lignification
 o - a potion of curing
 p - 5 potions of flight
 q - a potion of haste
 t - a potion of agility
 x - a potion of magic {unknown}
Books
 y - a Young Poisoner's Handbook

   Spells                             Type                      Level
   a - Sting                          Conjuration/Poison           1
   b - Poisonous Vapours              Poison/Air                   2
   c - Mephitic Cloud                 Conjuration/Poison/Air       3
   d - Olgreb's Toxic Radiance        Poison                       4
   e - Venom Bolt                     Conjuration/Poison           5
Comestibles
 c - 13 rations


   Skills:
 + Level 6.3 Fighting
 + Level 7.0 Short Blades
 + Level 2.8 Axes
 + Level 0.8 Throwing
 * Level 7.5 Armour
 + Level 2.4 Dodging
 + Level 1.7 Shields
 * Level 8.1 Invocations
 + Level 0.6 Evocations


You had 9 spell levels left.
You didn't know any spells.

Dungeon Overview and Level Annotations

Branches:
Dungeon (9/15)             Temple (0/1) D:5            Lair (0/6) D:9
    Orc (0/2) D:9

Altars:
Cheibriados
Gozag
Okawaru
Qazlal
Ru
Trog
Vehumet
Xom
The Shining One

Shops:
D:7 [[:*[


Innate Abilities, Weirdness & Mutations

You have hooves in place of feet.
Armour fits poorly on your strangely shaped body.
You cover ground very quickly.
You have extremely tough skin. (AC +3)


Message History

Your chain mail prevents you from hitting the two-headed ogre.
The two-headed ogre is heavily wounded.
The two-headed ogre hits you with a giant spiked club.
The two-headed ogre hits you with a giant spiked club!!
You puncture the two-headed ogre!
The two-headed ogre is heavily wounded.
A hell rat comes into view.
You hit the two-headed ogre.
You kick the two-headed ogre, but do no damage.
The two-headed ogre is severely wounded.
The two-headed ogre barely misses you.
The two-headed ogre hits you but does no damage.
You puncture the two-headed ogre!
The two-headed ogre is almost dead.
You puncture the two-headed ogre!
The two-headed ogre is almost dead.
The two-headed ogre hits you with a giant spiked club!!
* * * LOW HITPOINT WARNING * * *
The two-headed ogre hits you with a giant spiked club!!
You die...

######################
#.....................
#..>..................
#<)...................
#...........O........>
#.^........@r.........
##############.######
#.# #.# #O# #.#
#........ #..#.....
#... .Y#.


You could see a two-headed ogre and a hell rat.

Vanquished Creatures
  2 death yaks
  Psyche (D:9)
  A hippogriff (D:8)
  5 yaks
  Eustachio (D:5)
  A steam dragon (D:7)
  A hungry ghost (D:8)
  A water moccasin (D:8)
  2 phantoms
  A sky beast (D:5)
  A black bear (D:6)
  An ice beast (D:7)
  3 ogres (D:7)
  A centaur (D:5)
  A crocodile (D:7)
  A bullfrog (D:7)
  6 killer bees (D:7)
  9 wights
  4 howler monkeys
  2 bullfrog zombies
  2 crimson imps
  3 orc priests
  4 hounds
  Crazy Yiuf (D:5)
  2 centaur skeletons
  4 orc wizards
  2 iguanas
  6 worker ants
  3 gnolls (D:3)
  8 adders
  3 shadow imps
  An adder zombie (D:5)
  3 worms
  2 dart slugs
  2 leopard geckos
  19 orcs
  2 ball pythons
  4 giant cockroaches
  10 goblins
  8 hobgoblins
  17 jackals
  3 kobolds
  3 quokkas
  6 bats
  3 frilled lizards
  A leopard gecko zombie (D:5)
  5 rats
172 creatures vanquished.

Vanquished Creatures (others)
  A two-headed ogre (D:8)
  A death yak (D:8)
2 creatures vanquished.

Grand Total: 174 creatures vanquished

Notes
Turn   | Place    | Note
-------+----------+-------------------------------------------
     0 | Abyss:1  | Gargoyl the Centaur Abyssal Knight began the quest for the Orb.
     0 | Abyss:1  | Reached XP level 1. HP: 19/19 MP: 2/2
     1 | Abyss:1  | Found a sacrificial altar of Ru.
     6 | Abyss:1  | Found a corrupted altar of Lugonu.
    89 | Abyss:1  | Noticed a quasit
    95 | Abyss:1  | Noticed a sixfirhy
    98 | D:1      | Escaped the Abyss
   112 | D:1      | Reached * piety under Lugonu
   304 | D:1      | Reached XP level 2. HP: 22/26 MP: 3/3
   855 | D:2      | Found a glowing golden altar of the Shining One.
   996 | D:2      | Reached XP level 3. HP: 17/31 MP: 4/4
  1682 | D:2      | Reached skill level 1 in Dodging
  1863 | D:3      | Reached skill level 1 in Short Blades
  1933 | D:3      | Reached ** piety under Lugonu
  1935 | D:3      | Reached XP level 4. HP: 36/38 MP: 4/6
  2374 | D:3      | Found a radiant altar of Vehumet.
  2417 | D:3      | Reached XP level 5. HP: 42/45 MP: 7/7
  2640 | D:4      | Found a bloodstained altar of Trog.
  2763 | D:4      | Reached skill level 3 in Invocations
  3133 | D:4      | Reached XP level 6. HP: 6/51 MP: 8/8
  3420 | D:4      | Reached *** piety under Lugonu
  3456 | D:4      | Reached XP level 7. HP: 42/58 MP: 9/9
  3789 | D:4      | Reached skill level 4 in Invocations
  3956 | D:4      | Found an opulent altar of Gozag.
  3997 | D:5      | Entered Level 5 of the Dungeon
  4154 | D:5      | Found a runed door.
  4488 | D:5      | Noticed Eustachio
  4504 | D:5      | Reached XP level 8. HP: 42/66 MP: 11/11
  4520 | D:5      | Killed Eustachio
  4688 | D:5      | Found a staircase to the Ecumenical Temple.
  4818 | D:5      | Found a shimmering altar of Xom.
  5021 | D:5      | Noticed Crazy Yiuf
  5024 | D:5      | Killed Crazy Yiuf
  5193 | D:6      | Reached skill level 1 in Shields
  5196 | D:6      | Reached skill level 5 in Invocations
  5928 | D:7      | Found Ickey's Armour Shoppe.
  5951 | D:7      | Reached **** piety under Lugonu
  5957 | D:7      | Reached skill level 5 in Fighting
  5957 | D:7      | Reached skill level 5 in Armour
  6467 | D:7      | Reached XP level 9. HP: 41/74 MP: 13/13
  6483 | D:7      | Reached skill level 5 in Short Blades
  6845 | D:7      | Found Xipof's Armour Shop.
  6949 | D:7      | Reached skill level 6 in Invocations
  7184 | D:7      | Found Miulenk's Armour Boutique.
  7213 | D:7      | Found Xono's Book Shoppe.
  7320 | D:7      | Found a snail-covered altar of Cheibriados.
  7536 | D:7      | Found an iron altar of Okawaru.
  7540 | D:7      | Found a sacrificial altar of Ru.
  7553 | D:7      | Found Ivathrul's Assorted Antiques.
  7655 | D:8      | Noticed a two-headed ogre
  7674 | D:8      | Banished a two-headed ogre
  8443 | D:8      | Found a stormy altar of Qazlal.
  8664 | D:9      | Found a staircase to the Orcish Mines.
  8698 | D:8      | Reached XP level 10. HP: 61/83 MP: 15/15
  8902 | D:9      | Noticed Psyche
  8923 | D:8      | Reached skill level 7 in Invocations
  9065 | D:9      | Killed Psyche
  9257 | D:9      | Found a staircase to the Lair.
  9257 | D:9      | Noticed a death yak
  9257 | D:9      | Noticed a death yak
  9279 | D:8      | Killed a death yak
  9369 | D:9      | Noticed a death yak
  9374 | D:9      | Killed a death yak
  9376 | D:9      | Noticed a two-headed ogre
  9388 | D:8      | Banished a death yak
  9388 | D:8      | Reached skill level 8 in Invocations
  9604 | D:9      | Mangled by a two-headed ogre

Skill      XL: |  1  2  3  4  5  6  7  8  9 10 |
---------------+-------------------------------+-----
Axes           | 2 |  2.8
Dodging        | 1 2 |  2.4
Short Blades   | 1 2 3 4 6 7 |  7.0
Armour         | 2 3 4 5 6 7 |  7.5
Invocations    | 3 4 5 6 8 |  8.1
Fighting       | 4 5 6 |  6.3
Shields        | 1 |  1.7
Throwing       | |  0.8
Evocations     | |  0.6

Action                   |  1- 3 |  4- 6 |  7- 9 | 10-12 || total
-------------------------+-------+-------+-------+-------++-------
Melee: Hand axe          |    40 |       |    11 |       ||    51
       Short sword       |    61 |   118 |   331 |    53 ||   563
       Kick              |    15 |    19 |    66 |     8 ||   108
Throw: Javelin           |       |       |     5 |     2 ||     7
Invok: Depart the Abyss  |     1 |       |       |       ||     1
       Banish            |       |       |     1 |     4 ||     5
 Abil: Evoke Berserk Rag |       |       |       |     2 ||     2
  Use: Potion            |     2 |       |     2 |       ||     4
       Scroll            |     7 |     6 |    12 |       ||    25
  Eat: Chunk             |     2 |     4 |    10 |     2 ||    18
       Ration            |       |       |     4 |     1 ||     5
Armor: Leather armour    |    26 |       |       |       ||    26
       Ring mail         |    36 |    46 |       |       ||    82
       Scale mail        |       |    11 |    65 |       ||    76
       Chain mail        |       |       |    99 |    13 ||   112
       Skin              |       |       |       |     9 ||     9
Dodge: Dodged            |    61 |    31 |    68 |    10 ||   170
Block: Buckler           |    12 |    11 |    39 |     6 ||    68
